 Dungeon Crawl Stone Soup version 0.21.1-72-gffa868e0fe (webtiles) character file.

154 Pisosu the Bolt Thrower (level 5, -3/32 HPs)
             Began as a Kobold Hunter on Aug 3, 2018.
             Killed from afar by an orc wizard (5 damage)
             ... with a magic dart
             ... on level 3 of the Dungeon.
             The game lasted 00:04:23 (1596 turns).

Pisosu the Bolt Thrower (Kobold Hunter)             Turns: 1596, Time: 00:04:23

Health: -3/32      AC:  6    Str:  9    XL:     5   Next: 62%
Magic:  5/5        EV: 15    Int: 12    God:
Gold:   119        SH:  0    Dex: 17    Spells: 4/4 levels left

rFire    . . .     SeeInvis .   a - +1 hand crossbow
rCold    . . .     Gourm    .   (shield restricted)
rNeg     . . .     Faith    .   c - +0 leather armour
rPois    .         Spirit   .   (no helmet)
rElec    .         Reflect  .   (no cloak)
rCorr    .         Harm     .   m - +2 pair of gloves
MR       .....                  (no boots)
Stlth    ++........             l - amulet of magic regeneration
HPRegen  0.10/turn              (no ring)
MPRegen  0.34/turn              (no ring)

@: no status effects
A: small, carnivore
a: no special abilities


You were on level 3 of the Dungeon.
You were completely stuffed.

You visited 1 branch of the dungeon, and saw 3 of its levels.

You collected 119 gold pieces.

Inventory:

Hand Weapons
 a - a +1 hand crossbow (weapon)
 b - a +0 short sword
Missiles
 d - 6 bolts (quivered)
Armour
 c - a +0 leather armour (worn)
 m - a +2 pair of gloves (worn)
Jewellery
 l - an amulet of magic regeneration (around neck)
Scrolls
 e - a scroll of enchant armour {unknown}
 g - 4 scrolls of remove curse {unknown}
 i - a scroll of immolation {unknown}
 j - 2 scrolls of amnesia {unknown}
 q - a scroll of identify {unknown}
 r - a scroll of blinking {unknown}
Potions
 h - 2 potions of brilliance {unknown}
 k - a potion of invisibility {unknown}
 n - a potion of agility {unknown}
 o - a potion of curing {unknown}
 p - a potion of flight {unknown}
Comestibles
 f - 6 rations


   Skills:
 + Level 3.2 Fighting
 + Level 7.0 Crossbows
 + Level 2.8 Dodging
 + Level 2.2 Stealth


You had 4 spell levels left.
You didn't know any spells.

Dungeon Overview and Level Annotations

Branches:
Dungeon (3/15)

Altars:


Innate Abilities, Weirdness & Mutations

You are small and have problems with some larger weapons.
You are carnivorous and can eat meat at any time.


Message History

A magic dart appears from out of thin air!
The magic dart hits you!
A magic dart appears from out of thin air!
The magic dart hits you!
A magic dart appears from out of thin air!
The magic dart hits you!
* * * LOW HITPOINT WARNING * * *
You hear some strange, mumbled words.
A magic dart appears from out of thin air!
The magic dart hits you!
* * * LOW HITPOINT WARNING * * *
An orc wizard appears from thin air!
Reactivating autopickup.
Firing (i - inventory):
d - 7 bolts (quivered)
Press: ? - help, Shift-Dir - straight line, f - orc wizard
Aim: an orc wizard, wielding a dagger and wearing a robe (severely wounded)
You shoot a bolt. The bolt barely misses the orc wizard.
The orc wizard casts a spell at you. The magic dart hits you!
You die...

#.###(# #.#.## #####
#.#.# #...# ##.#.##
#...# #.###(# #...#
##.#.##
#...###.#.#.#
#...........#
#####@o.....(..##
#..................
#.##########+#####?#
#( #.# #( #.# #. #.#
.# #.#####†######
#.# #............#
#.# #.#
#.##..†...#..# #.#
#.#


You could see an orc wizard.

Vanquished Creatures
  An orc wizard (D:3)
  4 gnolls (D:2)
  4 adders
  An ooze (D:1)
  A worm (D:2)
  A dart slug (D:1)
  A leopard gecko (D:1)
  2 orcs (D:3)
  A ball python (D:3)
  3 giant cockroaches
  4 hobgoblins
  2 jackals (D:2)
  3 bats
  4 frilled lizards
  5 goblins
  4 kobolds
  3 rats
44 creatures vanquished.

Notes
Turn   | Place    | Note
-------+----------+-------------------------------------------
     0 | D:1      | Pisosu the Kobold Hunter began the quest for the Orb.
     0 | D:1      | Reached XP level 1. HP: 12/12 MP: 1/1
    37 | D:1      | Reached skill level 5 in Crossbows
   172 | D:1      | Reached XP level 2. HP: 17/17 MP: 2/2
   386 | D:1      | Reached XP level 3. HP: 21/21 MP: 3/3
   891 | D:2      | Reached skill level 6 in Crossbows
   893 | D:2      | Reached XP level 4. HP: 27/27 MP: 4/4
  1151 | D:2      | Reached XP level 5. HP: 17/32 MP: 5/5
  1582 | D:3      | Reached skill level 7 in Crossbows
  1589 | D:3      | HP: 1/32 [something/magic dart (3)]
  1596 | D:3      | Killed from afar by an orc wizard

Skill      XL: |  1  2  3  4  5 |
---------------+----------------+-----
Crossbows      | 5 6 7 |  7.0
Fighting       | 3 |  3.2
Stealth        | 2 |  2.2
Dodging        | |  2.8

Action                   |  1- 3 |  4- 6 || total
-------------------------+-------+-------++-------
Melee: Hand crossbow     |       |     3 ||     3
 Fire: Hand crossbow     |    45 |    54 ||    99
  Eat: Chunk             |     6 |     4 ||    10
Armor: Leather armour    |     1 |     5 ||     6
Dodge: Dodged            |     9 |    24 ||    33
